 Dungeon Crawl Stone Soup version 0.27-a0-661-gca034ae587 (webtiles) character file.

Game seed: 17914452138169899158

527411 Quoreg the Impregnable (level 24, 0/348 HPs)
             Began as a Minotaur Fighter on Mar 9, 2021.
             Was a High Priest of Okawaru.
             Slain by a sphinx (12 damage)
             ... on level 1 of the Tomb of the Ancients on Mar 17, 2021.
             The game lasted 02:48:21 (61782 turns).

Quoreg the Impregnable (Minotaur Fighter)          Turns: 61782, Time: 02:48:22

Health: 0/348      AC: 32    Str: 56    XL:     24   Next: 31%
Magic:  29/29      EV: 27    Int:  6    God:    Okawaru [*****.]
Gold:   3751       SH:  5    Dex: 21    Spells: 19/23 levels left

rFire    . . .     SeeInvis .     - Unarmed
rCold    . . .     Faith    .   (no shield)
rNeg     + + .     Spirit   .   p - +3 plate armour "Xerillyigo" {Str+3 Dex+4}
rPois    +         Reflect  +   t - +0 hat of Cin Weck {rN+ Will- Str+6 Int+4}
rElec    .         Harm     .   N - +0 cloak of the Hidden Vale {Str+6 Dex+6}
rCorr    .         Rampage  +   G - +0 pair of gloves {Stlth+}
Will     .....                  x - +2 pair of boots {rampage}
Stlth    ..........             C - amulet of reflection
HPRegen  0.68/turn              W - ring of Xom's Ringing Laughter {+Fly rPois rN+ Str+9 Int-3 Stlth-}
MPRegen  0.21/turn              F - +4 ring of slaying

@: berserking, silenced, hasted and slowed
A: horns 2, retaliatory headbutt, talons 1, subdued magic 1
}: 3/15 runes: decaying, serpentine, silver
a: Renounce Religion, Evoke Flight


You were on level 1 of the Tomb of the Ancients.
You worshipped Okawaru.
Okawaru was extremely pleased with you.
You visited 10 branches of the dungeon, and saw 44 of its levels.
You also visited: Bailey and Gauntlet.

You collected 6760 gold pieces.
You spent 3009 gold pieces at shops.

Inventory:

Armour
 p - the +3 plate armour "Xerillyigo" (worn) {Str+3 Dex+4}
   (You bought it in a shop on level 10 of the Dungeon)

   It affects your strength (+3).
   It affects your dexterity (+4).
 t - the +0 hat of Cin Weck (worn) {rN+ Will- Str+6 Int+4}
   (You found it on level 5 of the Dungeon)

   It affects your strength (+6).
   It affects your intelligence (+4).
   It protects you from negative energy.
   It affects your willpower, your defense against some magical effects.
 x - a +2 pair of boots of rampaging (worn)
 E - a +2 cloak of poison resistance
 G - a +0 pair of gloves of stealth (worn)
 J - a scarf of harm
 N - the +0 cloak of the Hidden Vale (worn) {Str+6 Dex+6}
   (You found it on level 5 of the Vaults)

   It affects your strength (+6).
   It affects your dexterity (+6).
Jewellery
 f - the ring of the Mage {Wiz Will++ Int+3}
   (You bought it in a shop on level 2 of the Orcish Mines)

   [ring of wizardry]

   It improves your spell success rate.
   It affects your intelligence (+3).
   It affects your willpower, your defense against some magical effects.
 k - the ring "Suxtouxuops" {MP+9 EV+4 Int+5}
   (You took it off a naga on level 4 of the Snake Pit)

   [ring of evasion]

   It affects your evasion (+4).
   It affects your intelligence (+5).
   It affects your magic capacity (+9).
 u - the amulet of the Magpie {Faith rF+++ Int-4}
   (You found it on level 5 of the Vaults)

   [amulet of faith]

   It allows you to gain divine favour quickly.
   It affects your intelligence (-4).
   It renders you almost immune to fire.
 C - an amulet of reflection (around neck)
 F - a +4 ring of slaying (left hand)
 R - a +4 ring of evasion
 S - an amulet of faith
 W - the ring of Xom's Ringing Laughter (right hand) {+Fly rPois rN+ Str+9 Int-3 Stlth-}
   (You found it in a Gauntlet)

   [ring of positive energy]

   It affects your strength (+9).
   It affects your intelligence (-3).
   It protects you from poison.
   It protects you from negative energy.
   It lets you fly.
   It makes you less stealthy.
 X - a ring of positive energy
 Y - the ring of Division {AC+4 Int+4}
   (You took it off a deep elf annihilator on level 3 of the Elven Halls)

   [ring of protection]

   It affects your AC (+4).
   It affects your intelligence (+4).
Wands
 o - a wand of mindburst (43)
 y - a wand of iceblast (30)
 I - a wand of acid (47)
 K - a wand of paralysis (23)
 Z - a wand of digging (11)
Scrolls
 e - 11 scrolls of enchant armour
 h - 9 scrolls of fear
 l - 12 scrolls of immolation
 q - 8 scrolls of enchant weapon
 r - 14 scrolls of teleportation
 v - 10 scrolls of magic mapping
 w - 11 scrolls of amnesia
 H - 9 scrolls of fog
 Q - 2 scrolls of vulnerability
 V - 17 scrolls of identify
Potions
 a - 4 potions of invisibility
 b - a potion of cancellation
 c - 7 potions of might
 d - 12 potions of mutation
 g - 16 potions of curing
 i - 2 potions of resistance
 j - 9 potions of magic
 s - 2 potions of berserk rage
 A - 7 potions of attraction
 B - 13 potions of flight
 L - 8 potions of haste
 M - 11 potions of lignification
 O - 3 potions of ambrosia
 P - 10 potions of brilliance
Miscellaneous
 m - a condenser vane (inert)
 n - a condenser vane (inert)
 D - a condenser vane (inert)


   Skills:
 - Level 22.2 Fighting
 * Level 25.3 Armour
 - Level 23.0 Dodging
 - Level 3.6 Shields
 - Level 22.1 Unarmed Combat
 - Level 10.1 Invocations


You had 19 spell levels left.
You knew the following spells:

 Your Spells              Type           Power      Damage    Failure   Level
a - Blink                 Tloc           N/A        N/A       77%         2
b - Wereblood             Tmut           0%         N/A       77%         2

Your spell library contained the following spells:

 Spells                   Type           Power      Damage    Failure   Level
 Animate Skeleton         Necr           0%         N/A       63%         1
 Apportation              Tloc           0%         N/A       63%         1
 Corona                   Hex            0%         N/A       63%         1
 Freeze                   Ice            0%         1d3       63%         1
 Magic Dart               Conj           0%         1d3       63%         1
 Pain                     Necr           0%         1d4       63%         1
 Shock                    Conj/Air       0%         1d3       63%         1
 Sting                    Tmut/Pois      0%         1d3       63%         1
 Summon Small Mammal      Summ           0%         N/A       63%         1
 Call Imp                 Summ           0%         N/A       77%         2
 Ensorcelled Hibernation  Hex/Ice        0%         N/A       77%         2
 Passwall                 Tmut/Erth      0%         N/A       77%         2
 Poisonous Vapours        Pois/Air       0%         N/A       77%         2
 Searing Ray              Conj           0%         3d3       77%         2
 Slow                     Hex            0%         N/A       77%         2
 Swiftness                Air            0%         N/A       77%         2
 Confusing Touch          Hex            0%         N/A       94%         3
 Conjure Flame            Conj/Fire      0%         6-21      94%         3
 Dazzling Flash           Conj/Hex       0%         N/A       94%         3
 Frozen Ramparts          Ice            0%         1d2       94%         3
 Gell's Gravitas          Tloc           0%         N/A       94%         3
 Inner Flame              Hex/Fire       0%         N/A       94%         3
 Lesser Beckoning         Tloc           0%         N/A       94%         3
 Mephitic Cloud           Conj/Pois/Air  0%         N/A       94%         3
 Ozocubu's Armour         Ice            0%         N/A       94%         3
 Portal Projectile        Hex/Tloc       0%         N/A       94%         3
 Spider Form              Tmut/Pois      0%         N/A       94%         3
 Static Discharge         Conj/Air       0%         N/A       94%         3
 Teleport Other           Tloc           0%         N/A       94%         3
 Tukima's Dance           Hex            0%         N/A       94%         3
 Vampiric Draining        Necr           0%         2d6       94%         3
 Airstrike                Air            0%         N/A       100%        4
 Animate Dead             Necr           0%         N/A       100%        4
 Cause Fear               Hex            0%         N/A       100%        4
 Fulminant Prism          Conj/Hex       0%         3d6       100%        4
 Hailstorm                Conj/Ice       0%         3d3       100%        4
 Ice Form                 Ice/Tmut       0%         N/A       100%        4
 Iskenderun's Mystic Bla  Conj/Tloc      0%         2d3       100%        4
 Leda's Liquefaction      Hex/Erth       0%         N/A       100%        4
 Manifold Assault         Tloc           0%         N/A       100%        4
 Passage of Golubria      Tloc           N/A        N/A       100%        4
 Summon Ice Beast         Ice/Summ       0%         N/A       100%        4
 Agony                    Necr           0%         N/A       100%        5
 Blade Hands              Tmut           0%         N/A       100%        5
 Bolt of Magma            Conj/Fire/Erth 0%         4d4       100%        5
 Borgnjor's Vile Clutch   Necr/Erth      0%         N/A       100%        5
 Irradiate                Conj/Tmut      0%         3d14      100%        5
 Iskenderun's Battlesphe  Conj           0%         2d6       100%        5
 Lee's Rapid Deconstruct  Erth           0%         3d5*      100%        5
 Lightning Bolt           Conj/Air       0%         1d11      100%        5
 Metabolic Englaciation   Hex/Ice        0%         N/A       100%        5
 Summon Forest            Summ/Tloc      0%         N/A       100%        5
 Summon Mana Viper        Hex/Summ       0%         N/A       100%        5
 Death Channel            Necr           0%         N/A       100%        6
 Freezing Cloud           Conj/Ice/Air   0%         6-21      100%        6
 Hydra Form               Tmut           0%         N/A       100%        6
 Invisibility             Hex            0%         N/A       100%        6
 Iron Shot                Conj/Erth      0%         9d1       100%        6
 Shadow Creatures         Summ           N/A        N/A       100%        6
 Simulacrum               Ice/Necr       0%         N/A       100%        6
 Statue Form              Tmut/Erth      0%         N/A       100%        6
 Dragon Form              Tmut           0%         N/A       100%        7
 Haunt                    Necr/Summ      0%         N/A       100%        7
 Malign Gateway           Summ/Tloc      0%         N/A       100%        7
 Monstrous Menagerie      Summ           0%         N/A       100%        7
 Orb of Destruction       Conj           0%         N/A       100%        7
 Ozocubu's Refrigeration  Ice            0%         4d5       100%        7
 Spellforged Servitor     Conj/Summ      0%         N/A       100%        7
 Summon Hydra             Summ           0%         N/A       100%        7
 Summon Horrible Things   Summ           0%         N/A       100%        8


Dungeon Overview and Level Annotations

Branches:
Dungeon (15/15)            Temple (1/1) D:4            Lair (6/6) D:8
  Swamp (4/4) Lair:3        Snake (4/4) Lair:4        Slime (0/5) Lair:5
    Orc (2/2) D:9             Elf (3/3) Orc:2        Vaults (5/5) D:13
  Crypt (3/3) Vaults:3       Tomb (1/3) Crypt:3      Depths (0/5) D:15
 Bailey (visited)         Gauntlet (visited)

Altars:
Ashenzari
Cheibriados
Dithmenos
Elyvilon
Fedhas
Gozag
Hepliaklqana
Kikubaaqudgha
Makhleb
Nemelex Xobeh
Okawaru
Qazlal
Ru
Sif Muna
Trog
Uskayaw
Vehumet
Wu Jian
Xom
Yredelemnul
Zin
The Shining One
Jiyva
Lugonu

Shops:
D:4 =   D:8 *(*[*   D:10 **   Orc:2 (?[(=   Snake:4 =:=:   Vaults:2 *
Vaults:3 ?

Portals:
Trove: Elf:2 (give +6 fire dragon scales)

Annotations:
D:10 3 runed translucent doors, exclusion: obsidian statue, Regoshi's ghost, novice DsGl
Lair:6 3 runed translucent doors, Lohifey's ghost, journeyman HaDe


Innate Abilities, Weirdness & Mutations

You have a pair of horns on your head.
You reflexively headbutt those who attack you in melee.
You have sharp toenails.
Your spells are a little easier to cast, but a little less powerful.


Message History

The sphinx barely misses you. The sphinx hits you but does no damage.
The sphinx hits you.
* * * LOW HITPOINT WARNING * * *
The sphinx misses you. The sphinx hits you but does no damage.
You barely miss the sphinx.
The sphinx is moderately wounded.
You block the sphinx's attack.
The sphinx hits you but does no damage. x3
The sphinx closely misses you.
The sphinx hits you but does no damage. x4
The sphinx misses you. You furiously retaliate!
You headbutt the sphinx!! You block the sphinx's attack. The sphinx hits you.
* * * LOW HITPOINT WARNING * * *
You barely miss the sphinx. You headbutt the sphinx!
The sphinx is heavily wounded.
The sphinx barely misses you. You furiously retaliate!
You headbutt the sphinx. The sphinx hits you.
* * * LOW HITPOINT WARNING * * *
The sphinx barely misses you. You block the sphinx's attack.
The sphinx hits you but does no damage. The sphinx closely misses you.
You hit the sphinx. You headbutt the sphinx.
The sphinx is severely wounded.
You block the sphinx's attack. The sphinx misses you.
The sphinx completely misses you. The sphinx hits you but does no damage.
The sphinx misses you. The sphinx completely misses you.
The sphinx barely misses you. You furiously retaliate!
You headbutt the sphinx!!
You kill the sphinx!
Okawaru accepts your kill. The sphinx misses you.
The sphinx closely misses you. x2
You pummel the sphinx!!
You kill the sphinx!
Okawaru accepts your kill. The sphinx hits you but does no damage.
The sphinx misses you. The sphinx completely misses you.
You block the sphinx's attack. x2
The sphinx hits you!
* * * LOW HITPOINT WARNING * * *
You punch the sphinx! You headbutt the sphinx!
The sphinx is almost dead.
The sphinx misses you. The sphinx barely misses you.
The sphinx hits you but does no damage. The sphinx hits you!
You die...

#.........#
#[........#
#.........#
#.........#
#.........#
#^........#
#.........#
#.........#
#....H@†..#
#....HHM..#
#.........#
#.........#
#.....8...#
#.........#
#.........#
#.........#
#.........#


You could see 3 sphinxes, a guardian mummy and an ushabti.

Vanquished Creatures
  2 ancient liches
  Mara (Vaults:2)
  Sojobo (Vaults:4)
  Frederick (Vaults:2)
  Saint Roka (Orc:2)
  Xtahua (Vaults:3)
  2 golden dragons (Vaults:5)
  2 bone dragons (Crypt:3)
  Jorgrun (Orc:1)
  2 tentacled monstrosities (Vaults:5)
  Rupert (D:14)
  Asterion (Elf:1)
  4 titans (Vaults:5)
  4 liches
  3 quicksilver dragons (Vaults:5)
  2 deep elf master archers (Elf:3)
  Gastronok (D:11)
  3 deep elf blademasters
  11 sphinxes
  3 thorn hunters
  7 ancient champions
  2 shadow dragons (Vaults:5)
  6 tengu reavers
  A storm dragon (Vaults:5)
  2 revenants
  10 nagarajas
  Roxanne (Swamp:3)
  3 fire giants (Vaults:5)
  17 vault wardens
  5 deep elf sorcerers
  2 iron dragons (Vaults:5)
  An orc warlord (Vaults:4)
  Aizul (Vaults:4)
  6 deep elf elementalists (Elf:3)
  A curse skull (Crypt:2)
  A ghoul (Crypt:1)
  23 ironbound preservers
  17 very ugly things
  8 stone giants (Vaults:5)
  A war gargoyle (Vaults:5)
  6 vampire knights
  An entropy weaver (Vaults:1)
  Azrael (D:15)
  7 deep elf demonologists
  5 dire elephants
  6 deep elf annihilators
  Nessos (D:13)
  A minotaur (Gauntlet)
  4 bunyips
  11 deep elf death magi
  6 eidola
  5 ettins
  4 jiangshi
  A shambling mangrove (Swamp:2)
  12 yaktaur captains
  A fire dragon (Lair:6)
  4 eleionomae
  2 great orbs of eyes (Vaults:3)
  Josephine (D:15)
  4 deep elf high priests
  21 hydras
  A quicksilver dragon skeleton (Crypt:3)
  37 vault guards
  17 naga warriors
  Fannar (Lair:3)
  4 ironbound thunderhulks
  A ghost crab (Swamp:1)
  4 boulder beetles
  8 ogre magi
  18 centaur warriors
  4 ironbound frosthearts
  10 alligators
  17 anacondas
  3 death knights
  3 vampire magi
  14 two-headed ogres
  3 death yaks (D:8)
  28 dancing weapons
  5 tengu warriors
  9 shock serpents
  3 spriggan berserkers
  A deep troll earth mage (Vaults:5)
  A queen ant (shapeshifter) (Vaults:5)
  3 naga sharpshooters
  6 ironbound beastmasters
  Sonja (Orc:2)
  3 hell knights (Vaults:5)
  17 deep elf knights
  2 salamander mystics
  2 storm dragon skeletons (Crypt:3)
  A death drake (shapeshifter) (Vaults:5)
  3 shadow wraiths (Crypt:3)
  44 deep trolls
  4 goliath frogs
  49 skeletal warriors
  4 sea snakes (Snake:4)
  A glowing orange brain (Vaults:2)
  2 unseen horrors
  3 spriggan druids
  A quicksilver dragon simulacrum (Crypt:1)
  10 naga ritualists
  3 bog bodies
  2 flayed ghosts
  10 deep elf archers
  18 ironbound convokers
  7 lindwurms
  9 swamp dragons
  5 wizards
  Pikel (D:7)
  31 deep elf zephyrmancers
  An anaconda skeleton (Crypt:3)
  8 phantasmal warriors
  4 harpies (Vaults:2)
  A wolf spider zombie (D:14)
  24 deep elf pyromancers
  A shadow dragon skeleton (Crypt:3)
  7 mana vipers
  5 orc knights
  3 necromancers
  19 ugly things
  2 orc sorcerers (Orc:1)
  5 will-o-the-wisps (Swamp:3)
  A manticore (D:14)
  A salamander (shapeshifter) (D:15)
  2 cyclopes
  An iron dragon skeleton (Crypt:2)
  10 salamanders
  5 elephants (Lair:5)
  14 vault sentinels
  A stone giant skeleton (Crypt:3)
  2 fire giant skeletons (Crypt:3)
  13 guardian serpents
  25 black mambas
  25 naga magi
  5 gargoyles
  2 torpor snails
  8 komodo dragons
  3 centaur skeletons
  Maggie (Lair:2)
  15 cane toads
  10 rime drakes
  7 freezing wraiths
  A redback zombie (Crypt:3)
  A black draconian zombie (Crypt:1)
  A shock serpent skeleton (Crypt:3)
  27 yaktaurs
  3 tengu conjurers
  3 polar bears
  An iron troll skeleton (Crypt:3)
  A black draconian skeleton (Crypt:3)
  A queen ant zombie (Crypt:2)
  A wind drake (shapeshifter) (D:15)
  7 trolls
  6 meliai (D:15)
  5 guardian mummies
  8 hornets
  Prince Ribbit (D:7)
  A meliai (shapeshifter) (D:14)
  A harpy skeleton (Crypt:3)
  13 blink frogs
  11 tyrant leeches
  3 dream sheep (Lair:2)
  A hydra skeleton (Crypt:2)
  40 slime creatures
  A black mamba zombie (Crypt:2)
  An ice dragon zombie (Crypt:1)
  9 flying skulls (Crypt:3)
  2 ghosts
  3 shadows (Gauntlet)
  A vampire (D:11)
  A fire dragon skeleton (Crypt:3)
  7 spriggans
  A centaur simulacrum (D:15)
  3 ettin skeletons (Crypt:3)
  2 ice dragon skeletons (Crypt:3)
  A water elemental (Elf:2)
  2 ushabtiu (Tomb:1)
  A black mamba skeleton (Crypt:3)
  55 yaks
  A human (shapeshifter) (Vaults:5)
  7 wyverns
  14 wraiths
  6 fire elementals
  4 vampire mosquitoes (Swamp:1)
  A chaos spawn (Gauntlet)
  8 basilisks
  A steam dragon (D:15)
  A yaktaur simulacrum (Vaults:1)
  A neqoxec (Gauntlet)
  10 swamp worms
  62 nagas
  7 wargs
  A swamp worm (shapeshifter) (Vaults:5)
  4 acid dragons
  Edmund (D:5)
  Menkaure (D:5)
  3 hell hounds (D:15)
  23 water moccasins
  A water nymph skeleton (Crypt:2)
  A floating eye (shapeshifter) (Vaults:5)
  A torturous demonspawn skeleton (Crypt:1)
  A merfolk skeleton (Crypt:3)
  11 swamp drakes
  7 sky beasts
  A cane toad skeleton (Crypt:3)
  An ettin simulacrum (Crypt:1)
  2 hornet zombies
  A lindwurm zombie (Crypt:2)
  2 ice beasts
  16 orc warriors
  3 black bears
  A dream sheep zombie (Crypt:2)
  A boggart (Vaults:2)
  30 ogres
  A necrophage (D:8)
  4 snapping turtle skeletons
  A swamp dragon skeleton (Crypt:3)
  16 centaurs
  15 wolves
  2 kobold brigands
  5 earth elementals
  20 bullfrogs
  A water moccasin zombie (D:7)
  A scorpion (D:6)
  2 water moccasin skeletons
  A yak zombie (Crypt:2)
  19 wights
  12 electric eels
  3 howler monkeys (D:8)
  A bullfrog zombie (Crypt:3)
  4 centaur zombies
  8 hounds
  A basilisk zombie (Crypt:1)
  13 human skeletons
  4 jellies
  9 orc priests
  Crazy Yiuf (D:7)
  2 bullfrog skeletons
  6 iguanas
  13 orc wizards
  11 hell rats (Lair:4)
  7 worker ants
  2 killer bee zombies (D:10)
  A dwarf zombie (Crypt:1)
  A naga zombie (Crypt:3)
  2 hound skeletons
  4 mummies (Tomb:1)
  2 worker ant zombies (D:3)
  A howler monkey zombie (Crypt:2)
  18 gnolls
  18 adders
  An adder (shapeshifter) (Vaults:5)
  2 howler monkey skeletons
  A naga simulacrum (Crypt:1)
  2 white imps
  3 oozes
  An adder zombie (D:3)
  3 adder skeletons
  4 worms
  A dart slug (D:2)
  6 leopard geckos
  64 orcs
  6 bats
  6 giant cockroaches
  13 goblins
  12 hobgoblins
  2 jackals (D:2)
  3 quokkas
  5 ball pythons
  A ball python skeleton (D:6)
  2 frilled lizards
  26 kobolds
  A kobold skeleton (Crypt:3)
  A leopard gecko zombie (Crypt:1)
  An orc skeleton (Crypt:3)
  3 quokka skeletons
  A quokka zombie (Crypt:3)
  6 rats
  A briar patch (Swamp:2)
1804 creatures vanquished.

Vanquished Creatures (others)
  An ironbound preserver (Vaults:2)
  A goliath frog (Swamp:2)
  A yaktaur (Vaults:5)
  A freezing wraith (Vaults:5)
  A spriggan (Swamp:4)
  3 briar patches (Swamp:4)
  15 foxfires (Swamp:3)
  23 fungi
  82 plants
128 creatures vanquished.

Grand Total: 1932 creatures vanquished

Notes
Turn   | Place    | Note
-------+----------+-------------------------------------------
     0 | D:1      | Quoreg the Minotaur Fighter began the quest for the Orb.
     0 | D:1      | Reached XP level 1. HP: 19/19 MP: 0/0
   190 | D:1      | Reached XP level 2. HP: 23/26 MP: 1/1
  1060 | D:2      | Reached XP level 3. HP: 31/31 MP: 2/2
  1503 | D:2      | Found a white marble altar of Elyvilon.
  2111 | D:3      | Found a snail-covered altar of Cheibriados.
  2184 | D:3      | Noticed a +0 short sword
  2185 | D:3      | Noticed a +0 dagger
  2188 | D:3      | Noticed a +0 dagger
  2188 | D:3      | Noticed a +0 spear
  2188 | D:3      | Noticed a +0 falchion
  2189 | D:3      | Noticed a +0 short sword
  2189 | D:3      | Noticed a +0 falchion
  2190 | D:3      | Noticed a +0 spear
  2231 | D:3      | Reached XP level 4. HP: 39/39 MP: 3/3
  2261 | D:3      | Found a hide-covered altar of Uskayaw.
  2372 | D:3      | Reached skill level 5 in Unarmed Combat
  2374 | D:3      | Found a basalt altar of Yredelemnul.
  2722 | D:4      | Found Wysib's Jewellery Shop.
  2747 | D:4      | Noticed an ogre
  3048 | D:4      | Reached XP level 5. HP: 45/45 MP: 4/4
  3080 | D:4      | Killed an ogre
  3084 | D:4      | Found a staircase to the Ecumenical Temple.
  3107 | Temple   | Entered the Ecumenical Temple
  3202 | D:4      | Found a shimmering altar of Xom.
  3408 | D:5      | Entered Level 5 of the Dungeon
  3489 | D:5      | Reached XP level 6. HP: 44/51 MP: 5/5
  3667 | D:5      | Noticed Menkaure
  3677 | D:5      | Killed Menkaure
  3811 | D:5      | Noticed Edmund
  3819 | D:5      | Killed Edmund
  3820 | D:5      | Reached XP level 7. HP: 54/57 MP: 6/6
  4076 | D:5      | Identified the +0 hat of Cin Weck {rN+ Will- Str+6 Int+4}
  4812 | D:5      | Reached skill level 10 in Unarmed Combat
  4846 | D:6      | Reached XP level 8. HP: 60/64 MP: 7/7
  5494 | D:7      | Noticed Pikel
  5513 | D:7      | Killed Pikel
  5514 | D:7      | Reached skill level 5 in Dodging
  5588 | D:7      | Reached XP level 9. HP: 41/70 MP: 8/8
  5747 | D:7      | Noticed Prince Ribbit
  5760 | D:7      | Killed Prince Ribbit
  5841 | D:7      | Found a shimmering blue altar of Sif Muna.
  5868 | D:7      | Found a sacrificial altar of Ru.
  5998 | D:7      | Found a bloodstained altar of Trog.
  6150 | D:7      | Found an iron altar of Okawaru.
  6162 | D:7      | Became a worshipper of Warmaster Okawaru
  6272 | D:7      | Found a runed translucent door.
  6273 | D:7      | Identified the +8 mace of Dissatisfaction {flame, rPois
                  | Str+2}
  6273 | D:7      | Noticed Crazy Yiuf
  6279 | D:7      | Killed Crazy Yiuf
  6411 | D:8      | Noticed a death yak
  6421 | D:8      | Killed a death yak
  6421 | D:8      | Reached * piety under Okawaru
  6421 | D:8      | Noticed a death yak
  6422 | D:8      | Reached skill level 10 in Dodging
  6423 | D:8      | Noticed a death yak
  6433 | D:8      | Killed a death yak
  6434 | D:8      | Reached XP level 10. HP: 70/77 MP: 9/9
  6437 | D:8      | Killed a death yak
  6437 | D:8      | Reached ** piety under Okawaru
  6438 | D:8      | Reached skill level 5 in Fighting
  6443 | D:8      | Reached *** piety under Okawaru
  6515 | D:8      | Found a staircase to the Lair.
  6609 | D:8      | Found Tajogeyz's Armour Emporium.
  6623 | D:8      | Found Koaqud's Assorted Antiques.
  6625 | D:8      | Found a sparkling altar of Nemelex Xobeh.
  6765 | D:8      | Found an ancient bone altar of Kikubaaqudgha.
  6821 | D:8      | Found Tetiroah's Assorted Antiques.
  6832 | D:8      | Found Dephicov's Weapon Emporium.
  6846 | D:8      | Found Buisacuc's Assorted Antiques.
  6852 | D:8      | Bought a scroll labelled SUETHO EZAJIMP for 24 gold pieces
  6852 | D:8      | Bought a purple potion for 21 gold pieces
  6852 | D:8      | Bought a pink potion for 21 gold pieces
  6852 | D:8      | Bought a scroll labelled XIQEMU OREXT for 24 gold pieces
  6852 | D:8      | Bought a fuming brown potion for 21 gold pieces
  6852 | D:8      | Bought a scroll labelled PONOGO RIRCHORI for 24 gold pieces
  6852 | D:8      | Bought a scroll labelled ABAEWO AGGECKI for 24 gold pieces
  6969 | D:9      | Found a glowing silver altar of Zin.
  7252 | D:9      | Found a staircase to the Orcish Mines.
  7521 | D:9      | Found an opulent altar of Gozag.
  7557 | D:10     | Entered Level 10 of the Dungeon
  7557 | D:10     | Found Voplups's General Store.
  7730 | D:10     | Found a runed translucent gate.
  7731 | D:10     | Found a runed translucent gate.
  7731 | D:10     | Found an opulent altar of Gozag.
  7742 | D:10     | Bought a scroll of identify for 26 gold pieces
  7742 | D:10     | Bought a scroll of identify for 26 gold pieces
  7849 | D:10     | Noticed a cyclops
  7855 | D:10     | Killed a cyclops
  7856 | D:10     | Reached skill level 10 in Fighting
  8171 | D:10     | Reached skill level 4 in Armour
  8174 | D:10     | Reached **** piety under Okawaru
  8193 | D:10     | Reached skill level 5 in Armour
  8238 | D:10     | Found Pyerej's General Store.
  8369 | D:10     | Found a runed translucent gate.
  8370 | D:10     | Noticed an obsidian statue
  8372 | D:10     | Noticed a two-headed ogre
  8372 | D:10     | Noticed Regoshi's ghost (novice DsGl)
  8372 | D:10     | Noticed an orc knight
  8536 | D:11     | Noticed a boulder beetle
  8547 | D:11     | Killed a boulder beetle
  8548 | D:11     | Reached skill level 6 in Armour
  8548 | D:11     | Reached XP level 11. HP: 58/100 MP: 7/10
  8784 | Lair:1   | Entered Level 1 of the Lair of Beasts
  8793 | Lair:1   | Reached skill level 7 in Armour
  8955 | Lair:1   | Reached skill level 8 in Armour
  8965 | Lair:1   | Reached ***** piety under Okawaru
  8999 | Lair:1   | Noticed a six-headed hydra
  9006 | Lair:1   | Killed a six-headed hydra
  9007 | Lair:1   | Reached skill level 9 in Armour
  9191 | Lair:1   | Reached skill level 10 in Armour
  9259 | Lair:1   | Reached skill level 1 in Invocations
  9395 | Lair:1   | Identified the +2 hat "Qoupn" {-Tele +Fly Will+ Dex+9}
                  | (Okawaru gifted it to you on level 1 of the Lair of Beasts)
  9395 | Lair:1   | Received a gift from Okawaru
  9937 | Lair:2   | Reached skill level 5 in Invocations
 10031 | Lair:2   | Reached XP level 12. HP: 74/106 MP: 13/16
 10238 | Lair:2   | Noticed Maggie
 10245 | Lair:2   | Killed Maggie
 10660 | Lair:3   | Found the +3 robe of Clouds {+Thunder rCloud rElec}
 10692 | Lair:3   | Noticed an eight-headed hydra
 10696 | Lair:3   | Noticed a four-headed hydra
 10700 | Lair:3   | Killed an eight-headed hydra
 10705 | Lair:3   | Killed a four-headed hydra
 10768 | Lair:3   | Noticed a seven-headed hydra
 10768 | Lair:3   | Noticed Fannar
 10775 | Lair:3   | Killed a seven-headed hydra
 10785 | Lair:3   | Killed Fannar
 10786 | Lair:3   | Reached skill level 10 in Invocations
 11037 | Lair:3   | Received a gift from Okawaru
 11052 | Lair:3   | Upgraded the game from 0.27-a0-577-ge2a43ba0c9 to
                  | 0.27-a0-594-g2aaa8dbbc2
 11206 | Lair:3   | Found a staircase to the Swamp.
 11985 | Lair:4   | Found a staircase to the Snake Pit.
 12093 | Lair:4   | Noticed a four-headed hydra
 12098 | Lair:4   | Killed a four-headed hydra
 12147 | Lair:4   | Reached XP level 13. HP: 113/113 MP: 17/19
 12797 | Lair:5   | Received a gift from Okawaru
 12935 | Lair:5   | You fall into a shaft and drop 1 floor!
 12935 | Lair:6   | Entered Level 6 of the Lair of Beasts
 12935 | Lair:6   | Noticed a fire dragon
 12941 | Lair:6   | HP: 4/113 [komodo dragon (26)]
 13098 | Lair:6   | Reached ****** piety under Okawaru
 13213 | Lair:5   | Received a gift from Okawaru
 13474 | Lair:5   | Reached skill level 15 in Unarmed Combat
 13681 | Lair:5   | Found a viscous altar of Jiyva.
 13682 | Lair:5   | Found a staircase to the Slime Pits.
 14010 | Lair:6   | Identified the -6 cloak "Olefot" {rC+} (Okawaru gifted it
                  | to you on level 6 of the Lair of Beasts)
 14010 | Lair:6   | Received a gift from Okawaru
 14017 | Lair:6   | Found a runed translucent gate.
 14017 | Lair:6   | Found a runed translucent gate.
 14017 | Lair:6   | Found a runed translucent gate.
 14158 | Lair:6   | Noticed a death ooze
 14160 | Lair:6   | Noticed a death ooze
 14161 | Lair:6   | Noticed Lohifey's ghost (journeyman HaDe)
 14163 | Lair:6   | Found a viscous altar of Jiyva.
 14558 | Lair:6   | Killed a fire dragon
 15139 | Swamp:1  | Entered Level 1 of the Swamp
 15175 | Swamp:1  | Noticed a bunyip
 15188 | Swamp:1  | Killed a bunyip
 15189 | Swamp:1  | Reached XP level 14. HP: 89/121 MP: 18/20
 16724 | Swamp:2  | Noticed a thorn hunter
 16952 | Swamp:2  | Killed a thorn hunter
 16952 | Swamp:2  | Identified the +4 longbow "Selli" {speed, rN+ SInv}
                  | (Okawaru gifted it to you on level 2 of the Swamp)
 16952 | Swamp:2  | Received a gift from Okawaru
 18053 | D:10     | Bought the +3 plate armour "Xerillyigo" {Str+3 Dex+4} for
                  | 716 gold pieces
 18320 | Swamp:2  | Reached skill level 11 in Armour
 18919 | Swamp:2  | Received a gift from Okawaru
 18920 | Swamp:2  | Reached skill level 12 in Armour
 19051 | Swamp:3  | Identified Roxanne's Guide on Changing
 19051 | Swamp:3  | Noticed Roxanne
 19057 | Swamp:2  | Identified the +4 flail of the Protecting Queen {vorpal,
                  | rElec rF- Int+4}
 19416 | Swamp:3  | Reached skill level 13 in Armour
 19777 | Swamp:3  | Reached XP level 15. HP: 125/126 MP: 21/21
 20118 | Swamp:3  | Received a gift from Okawaru
 20119 | Swamp:3  | Reached skill level 14 in Armour
 20827 | Swamp:3  | Gained mutation: Your spells are a little easier to cast,
                  | but a little less powerful. [potion of mutation]
 20827 | Swamp:3  | Gained mutation: You have sharp toenails. [potion of
                  | mutation]
 20993 | Swamp:3  | Killed Roxanne
 21213 | Swamp:4  | Entered Level 4 of the Swamp
 21361 | Swamp:4  | Reached skill level 15 in Armour
 21371 | Swamp:4  | Noticed a thorn hunter
 21388 | Swamp:4  | Killed a thorn hunter
 21616 | Swamp:4  | Reached skill level 16 in Armour
 21699 | Swamp:4  | Got a decaying rune of Zot
 21772 | Swamp:4  | Noticed a thorn hunter
 21793 | Swamp:4  | Killed a thorn hunter
 21894 | Swamp:4  | Received a gift from Okawaru
 22467 | Snake:1  | Entered Level 1 of the Snake Pit
 22521 | Snake:1  | Reached skill level 17 in Armour
 22548 | Snake:1  | Received a gift from Okawaru
 23303 | Snake:1  | Reached skill level 18 in Armour
 23537 | Snake:2  | Reached XP level 16. HP: 78/134 MP: 20/22
 24444 | Snake:2  | Reached skill level 19 in Armour
 26677 | Snake:3  | Identified the +3 quarterstaff "Iturchun" {venom, Dex+5}
                  | (Okawaru gifted it to you on level 3 of the Snake Pit)
 26677 | Snake:3  | Received a gift from Okawaru
 26808 | Snake:3  | Reached skill level 20 in Armour
 27491 | Snake:4  | Entered Level 4 of the Snake Pit
 27491 | Snake:4  | Found Nudestesm's Book Boutique.
 27805 | Snake:4  | Received a gift from Okawaru
 27806 | Snake:4  | Reached skill level 21 in Armour
 27812 | Snake:4  | Found Xuaneaxo's Jewellery Emporium.
 27812 | Snake:4  | Found Ezoo's Book Shop.
 27814 | Snake:4  | Found Xiq Hyah's Jewellery Emporium.
 28827 | Snake:4  | Reached XP level 17. HP: 94/140 MP: 20/23
 29211 | Snake:4  | Reached skill level 22 in Armour
 29624 | Snake:4  | Bought a +4 ring of protection for 648 gold pieces
 29952 | Snake:4  | Received a gift from Okawaru
 30084 | Snake:4  | Identified the ring "Suxtouxuops" {MP+9 EV+4 Int+5}
 31080 | Snake:4  | Got a serpentine rune of Zot
 31383 | Orc:1    | Entered Level 1 of the Orcish Mines
 31484 | Orc:2    | Entered Level 2 of the Orcish Mines
 31484 | Orc:2    | Found a staircase to the Elven Halls.
 31562 | Orc:2    | Noticed Sonja
 31569 | Orc:2    | Killed Sonja
 31583 | Orc:2    | Noticed Saint Roka
 31604 | Orc:2    | Killed Saint Roka
 31604 | Orc:2    | Received a gift from Okawaru
 31889 | Orc:2    | Paralysed by an ogre mage for 4 turns
 31934 | Orc:2    | Reached skill level 15 in Fighting
 31935 | Orc:2    | Found Hamnadgh's Antique Armour Emporium.
 31935 | Orc:2    | Found Wyvotiuw's Magic Scroll Boutique.
 31936 | Orc:2    | Found Det Han's Jewellery Shop.
 31936 | Orc:2    | Found Cenam's Antique Weapon Emporium.
 32126 | Orc:2    | Bought a scroll of identify for 22 gold pieces
 32126 | Orc:2    | Bought a scroll of identify for 22 gold pieces
 32400 | Orc:2    | Found Elo Ypn's Weapon Shoppe.
 32667 | Orc:1    | Noticed Jorgrun
 32682 | Orc:1    | Killed Jorgrun
 33071 | Orc:1    | Found a burning altar of Makhleb.
 33136 | Orc:1    | Upgraded the game from 0.27-a0-594-g2aaa8dbbc2 to
                  | 0.27-a0-661-gca034ae587
 33211 | Elf:1    | Entered Level 1 of the Elven Halls
 33277 | Elf:1    | Found a radiant altar of Vehumet.
 33290 | Elf:1    | Reached XP level 18. HP: 156/166 MP: 22/24
 34074 | Elf:1    | Noticed Asterion
 34082 | Elf:1    | Killed Asterion
 35361 | Elf:2    | Found a portal to a secret trove of treasure.
 35658 | Elf:2    | Received a gift from Okawaru
 35914 | Elf:2    | Found a huge runed translucent gate.
 35916 | Elf:2    | Found a huge runed translucent gate.
 35920 | Elf:2    | Found a huge runed translucent gate.
 35921 | Elf:2    | Found a huge runed translucent gate.
 35922 | Elf:2    | Found a huge runed translucent gate.
 36991 | Elf:3    | Entered Level 3 of the Elven Halls
 38519 | Elf:3    | Reached XP level 19. HP: 156/184 MP: 22/25
 38536 | Elf:3    | Identified the +5 dire flail "Xookopn" {vorpal, *Corrode
                  | Str+5} (Okawaru gifted it to you on level 3 of the Elven
                  | Halls)
 38536 | Elf:3    | Received a gift from Okawaru
 38666 | Elf:3    | Identified the amulet "Jigokoel" {RegenMP rN+ Will+ Int-2}
 38954 | Elf:3    | Identified the ring of Division {AC+4 Int+4}
 39094 | Elf:3    | Learned a level 2 spell: Blink
 39097 | Elf:3    | Learned a level 2 spell: Wereblood
 39298 | Elf:3    | Identified the -2 pair of gloves "Yrefum" {Str+3}
 39442 | Elf:3    | Received a gift from Okawaru
 40815 | D:11     | Noticed Gastronok
 40823 | D:11     | Killed Gastronok
 41659 | D:12     | Found a flagged portal.
 41726 | D:12     | Found a gate leading to a gauntlet.
 41734 | Gauntlet | Entered a Gauntlet
 41734 | Gauntlet | Found a transporter.
 41777 | Gauntlet | Found a transporter.
 41792 | Gauntlet | Found a transporter.
 41797 | Gauntlet | Found a transporter.
 41812 | Gauntlet | Found a transporter.
 41831 | Gauntlet | Found a transporter.
 41843 | Gauntlet | Found a transporter.
 41855 | Gauntlet | Found a transporter.
 41867 | Gauntlet | Found a transporter.
 41879 | Gauntlet | Found a transporter.
 41885 | Gauntlet | Found a transporter.
 41885 | Gauntlet | Found a transporter.
 41924 | Gauntlet | Found a transporter.
 41949 | Gauntlet | Found a transporter.
 41951 | Gauntlet | Found a transporter.
 41971 | Gauntlet | Found a transporter.
 42049 | Gauntlet | Found a transporter.
 42069 | Gauntlet | Found a transporter.
 42289 | Gauntlet | Noticed a juggernaut
 42289 | Gauntlet | a quicksilver dragon changed into a juggernaut
 42291 | Gauntlet | Noticed a shard shrike
 42291 | Gauntlet | a juggernaut changed into a shard shrike
 42306 | Gauntlet | Noticed a juggernaut
 42308 | Gauntlet | a juggernaut changed into a titan
 42316 | Gauntlet | Identified the ring of Xom's Ringing Laughter {+Fly rPois
                  | rN+ Str+9 Int-3 Stlth-}
 42405 | Bailey   | Entered a bailey
 42652 | Bailey   | Identified a scroll of acquirement
 42653 | Bailey   | Acquired 1101 gold pieces
 43593 | D:13     | Noticed Nessos
 43602 | D:13     | Killed Nessos
 44220 | D:13     | Found a gate to the Vaults.
 44721 | D:14     | Noticed Rupert
 44725 | D:14     | Killed Rupert
 45207 | D:15     | Entered Level 15 of the Dungeon
 45527 | D:15     | Noticed Josephine
 45533 | D:15     | Killed Josephine
 46169 | D:15     | Noticed Azrael
 46176 | D:15     | Killed Azrael
 46343 | D:15     | Reached XP level 20. HP: 195/195 MP: 26/26
 46358 | D:15     | Found a staircase to the Depths.
 46711 | Vaults:1 | Entered Level 1 of the Vaults
 47127 | Vaults:1 | Identified the +1 scale mail of the Gravedigger {+Fly rPois
                  | Int-2} (Okawaru gifted it to you on level 1 of the Vaults)
 47127 | Vaults:1 | Received a gift from Okawaru
 48878 | Vaults:2 | Found a shimmering blue altar of Sif Muna.
 49115 | Vaults:2 | Received a gift from Okawaru
 49260 | Vaults:2 | Noticed Mara
 49268 | Vaults:2 | Noticed Quoreg's illusion
 49271 | Vaults:2 | Killed Mara
 49509 | Vaults:2 | Received a gift from Okawaru
 49547 | Vaults:2 | Reached XP level 21. HP: 176/207 MP: 27/27
 49657 | Vaults:2 | Found Cutycsagg's Assorted Antiques.
 49666 | Vaults:2 | Bought a scroll of identify for 74 gold pieces
 49666 | Vaults:2 | Bought a scroll of teleportation for 111 gold pieces
 49666 | Vaults:2 | Bought a scroll of magic mapping for 129 gold pieces
 50075 | Vaults:2 | Noticed Frederick
 50081 | Vaults:2 | Killed Frederick
 50466 | Vaults:3 | Found Niadajo's Magic Scroll Boutique.
 50500 | Vaults:3 | Bought a scroll of enchant weapon for 82 gold pieces
 50500 | Vaults:3 | Bought a scroll of identify for 22 gold pieces
 50500 | Vaults:3 | Bought a scroll of magic mapping for 38 gold pieces
 50577 | Vaults:3 | Received a gift from Okawaru
 50579 | Vaults:3 | Reached skill level 15 in Dodging
 50832 | Vaults:3 | Paralysed by a sphinx for 7 turns
 51010 | Vaults:3 | Identified the +3 chain mail of Amuarow {rPois rN+ Str-5}
 51099 | Vaults:3 | You fall into a shaft and drop 1 floor!
 51141 | Vaults:4 | Noticed Sojobo
 51178 | Vaults:4 | Killed Sojobo
 52173 | Vaults:4 | Noticed Aizul
 52181 | Vaults:4 | Killed Aizul
 52645 | Vaults:5 | Entered Level 5 of the Vaults
 52679 | Vaults:5 | Noticed a golden dragon
 52680 | Vaults:5 | Received a gift from Okawaru
 52700 | Vaults:5 | Killed a golden dragon
 53005 | Vaults:5 | Identified the +8 triple crossbow of the Muttering Salmon
                  | {elec, Stlth+} (Okawaru gifted it to you on level 5 of the
                  | Vaults)
 53005 | Vaults:5 | Received a gift from Okawaru
 53032 | Vaults:5 | Reached XP level 22. HP: 138/215 MP: 23/28
 53076 | Vaults:5 | Noticed an ancient lich
 53114 | Vaults:5 | Noticed a golden dragon
 53125 | Vaults:5 | Killed a golden dragon
 53323 | Vaults:5 | Received a gift from Okawaru
 53966 | Vaults:5 | Identified the ring "Ylavi" {rElec rF+ Str+2 SInv}
 54150 | Vaults:5 | Identified the ring of Renaqoddao {Ice Int+3}
 54176 | Vaults:5 | Received a gift from Okawaru
 54499 | Vaults:3 | Noticed Xtahua
 54508 | Vaults:3 | Killed Xtahua
 54835 | Vaults:3 | Found a staircase to the Crypt.
 55300 | Vaults:3 | Received a gift from Okawaru
 55890 | Vaults:5 | Reached XP level 23. HP: 123/223 MP: 23/29
 56746 | Vaults:5 | Got a silver rune of Zot
 56750 | Vaults:5 | Identified the +0 cloak of the Hidden Vale {Str+6 Dex+6}
 56777 | Vaults:5 | Identified the +9 quarterstaff "Cyetton" {antimagic, Int+3
                  | Dex+3}
 57144 | Vaults:5 | Killed an ancient lich
 57748 | Vaults:5 | Identified the ring "Morec" {+Fly Will+ Str+3 Stlth-}
 57760 | Vaults:5 | Identified the ring "Kippiucu" {+Fly rN+ rCorr Dex+4}
 57773 | Vaults:5 | Identified the +5 spear "Ruinoc" {protect, rN+}
 57788 | Vaults:5 | Identified the amulet of the Magpie {Faith rF+++ Int-4}
 57815 | Vaults:5 | Identified the +1 scale mail of Thoughtfulness {+Inv}
 58237 | Orc:2    | Bought a pair of runed gloves for 157 gold pieces
 58250 | Orc:2    | Bought a pair of runed boots for 157 gold pieces
 58262 | Orc:2    | Bought the ring of the Mage {Wiz Will++ Int+3} for 620 gold
                  | pieces
 58262 | Orc:2    | Found the ring of the Mage {Wiz Will++ Int+3}
 58516 | Crypt:1  | Entered Level 1 of the Crypt
 60133 | Crypt:3  | Entered Level 3 of the Crypt
 60288 | Crypt:3  | Received a gift from Okawaru
 60289 | Crypt:3  | Reached skill level 23 in Armour
 60439 | Crypt:3  | Found a basalt altar of Yredelemnul.
 60653 | Crypt:3  | Received a gift from Okawaru
 60703 | Crypt:3  | Found a staircase to the Tomb.
 60766 | Crypt:3  | Identified the ring "Rin Niq" {rN+ Will+}
 60780 | Crypt:3  | Identified the amulet "Foexuuh" {Regen+ Dex+2}
 60780 | Crypt:3  | Identified the ring "Dieras" {+Blink rElec rN+ Will+
                  | Stlth+}
 60933 | Crypt:3  | Noticed an ancient lich
 60938 | Crypt:3  | Reached skill level 24 in Armour
 60946 | Crypt:3  | Killed an ancient lich
 60947 | Crypt:3  | Reached XP level 24. HP: 232/232 MP: 28/29
 60955 | Crypt:3  | Identified the +1 spear of Feclucam {freeze, rF+ Str+4
                  | Stlth+}
 61602 | Tomb:1   | Entered Level 1 of the Tomb of the Ancients
 61699 | Tomb:1   | Reached skill level 25 in Armour
 61729 | Tomb:1   | Identified the +9 triple sword of the Enchanted Forest
                  | {freeze, rPois rF+ Int+6 Dex-3} (Okawaru gifted it to you
                  | on level 1 of the Tomb of the Ancients)
 61729 | Tomb:1   | Received a gift from Okawaru
 61731 | Tomb:1   | Paralysed by a sphinx for 3 turns
 61746 | Tomb:1   | Paralysed by a sphinx for 7 turns
 61763 | Tomb:1   | Paralysed by a sphinx for 5 turns
 61768 | Tomb:1   | HP: 10/232 [sphinx/divine providence (12)]
 61781 | Tomb:1   | HP: 12/348 [sphinx (8)]
 61782 | Tomb:1   | Slain by a sphinx

Illustrated notes

Levels and vault maps discovered:
D:1:      psy_arrival_basics, layout_loops_corners
D:2:      layout_loops_ring, elyvilon_altar_1, kennysheep_generic_room_4
D:3:      layout_rooms, nicolae_uskayaw_en_pointe,
          nicolae_yredelemnul_corpse_copse, cheibriados_altar_2
D:4:      layout_rooms, kennysheep_little_box, minmay_temple_entry_ruins,
          serial_shops, nicolae_shop_waterfront
D:5:      layout_basic, uniq_edmund, uniq_menkaure
D:6:      layout_loops_cross
D:7:      layout_loops_ring, kennysheep_okawaru_gauntlet,
          lightli_temple_of_fire, nicolae_sif_muna_little_library,
          nicolae_ru_path_of_blood, uniq_pikel, uniq_prince_ribbit1,
          uniq_crazy_yiuf_cottage
D:8:      layout_rooms, nemelex_xobeh_ov_fountains_minmay, kennysheep_mini,
          dpeg_lair_monsters, serial_shops, nicolae_shop_overgrown_old_shop,
          nicolae_shop_behind_doors, shop_statue, nicolae_shop_behind_doors,
          kennysheep_mini_moat
D:9:      layout_basic, nicolae_overflow_crystal_walls, grunt_gozag_breadcrumbs,
          orc_0_dummy, chequers_serial_rivers_micro_e
D:10:     layout_long_grid, ebering_ghost_gozag, serial_shops,
          nicolae_shop_trees, grunt_decor_junction, minivault_20,
          grunt_ministairs_8, minmay_misc_feat_secret_circle, st_stairs_11,
          kennysheep_windowed_goal
D:11:     layout_basic, minmay_crystal_water, uniq_gastronok
D:12:     layout_irregular_city, gauntlet_entry_generic,
          lightli_bailey_entry_fortress
D:13:     layout_irregular_city, grunt_vaults_entry_fortified,
          evilmike_butchery, uniq_nessos
D:14:     layout_grid_maze, uniq_rupert
D:15:     grunt_enter_depths_magical_seal, layout_irregular_city,
          nicolae_benzene_ring, uniq_azrael, uniq_josephine
Temple:   corrupted_temple
Lair:1:   layout_small_grid
Lair:2:   layout_chaotic_city, forest_entry_grove, uniq_maggie
Lair:3:   layout_regular_city, minmay_swamp_entry_eels, grunt_megastairs_3,
          uniq_fannar
Lair:4:   layout_regular_city, minmay_snake_entry_six_corridors
Lair:5:   layout_hall_layers, dpeg_slime_entry_enclosed_altar
Lair:6:   guppyfry_lair_end_dragon, layout_misc_corridors, gammafunk_ghost_ooze,
          minivault_19, kennysheep_basilisk_garden
Swamp:1:  layout_falls_marsh, evilmike_swamp_ruin_rubble_2, swamp_pool2
Swamp:2:  layout_falls_marsh, evilmike_swamp_ruin_house_4, swamp_pool5
Swamp:3:  layout_basic_swamp, evilmike_swamp_ruin_house_2,
          infiniplex_staircase_pool, uniq_roxanne
Swamp:4:  swamp_alternative, layout_basic_swamp
Snake:1:  layout_rooms, hangedman_snake_corridor_split
Snake:2:  layout_chambers, nicolae_snake_squiggles, hangedman_snake_corridor_cut
Snake:3:  layout_grid_maze
Snake:4:  grunt_snake_rune_serpentine_throne, layout_cave_town, serial_shops,
          shop, minmay_shop_grove, serial_bayou_shore_a
Orc:1:    layout_diamond_mine, basic_altar, mines5_lemuel, uniq_jorgrun
Orc:2:    st_orc_ogre_mass, layout_caves, serial_shops, nicolae_shop_waterfront,
          uniq_saint_roka, uniq_sonja
Elf:1:    eino_elf_arrival_altar, layout_gridlike,
          hangedman_elven_crosses_minicolossus, glass_columns_a,
          minmay_misc_feat_cross, uniq_asterion
Elf:2:    layout_geoelf_grid, nicolae_trove_entry_diagonal,
          nicolae_elf_big_sculpture_2
Elf:3:    grunt_elf_hall_asides, layout_rooms, billiards_dpeg,
          grunt_megastairs_5
Vaults:1: v_misc_27, v_misc_12, hangedman_vaults_slice,
          nicolae_vaults_puzzle_piece, nicolae_vaults_mini_display_case,
          nicolae_vaults_triangles, ontoclasm_vaults_idyll,
          grunt_vaults_bifocal, grunt_vaults_diagonal,
          hangedman_vaults_corner_blocks, nicolae_vaults_an_arrangement,
          vaults_dpeg_diagonal, serial_ice_g, layout_vaults_omnibox
Vaults:2: vaults_mumra_minichess, v_pattern_1, nicolae_vaults_network_periphery,
          hangedman_vaults_slice, grunt_vaults_focal, nicolae_vaults_network_s,
          hangedman_vaults_stretched_pinwheel, vaults_mumra_lcd,
          vaults_room_fancy_cross, vaults_room_corners,
          hangedman_vaults_stretched_pinwheel, layout_vaults_omnicross,
          basic_altar, serial_shops, nicolae_shop_statue_plus, uniq_frederick,
          uniq_mara
Vaults:3: v_misc_14, ontoclasm_vaults_twist, v_rooms_4, vaults_mumra_hexcomb,
          ontoclasm_vaults_fault, ontoclasm_vaults_decontamination, v_misc_31,
          nicolae_vaults_c_with_doors, hangedman_vaults_impose,
          minmay_crypt_entry_simple_round, vaults_room_pool,
          ontoclasm_vaults_eye, v_misc_13, vaults_dpeg_hooks,
          layout_vaults_ring, serial_shops, shop, uniq_xtahua
Vaults:4: hangedman_vaults_stagger, grunt_vaults_funnel,
          dpeg_vaults_monster_row, v_misc_15, nicolae_vaults_diagonal_hallway_7,
          layout_vaults_omnigrid, uniq_sojobo, uniq_aizul
Vaults:5: serial_shops
Crypt:1:  layout_misc_corridors
Crypt:2:  layout_gridlike, library_closet, grunt_megastairs_1
Crypt:3:  church_of_pain_bobbens, layout_chaotic_city, tomb_entry_simple_bobbens
Tomb:1

Skill      XL: |  1  2  3  4  5  6  7  8  9 10 11 12 13 14 15 16 17 18 19 20 21 22 23 24 |
---------------+-------------------------------------------------------------------------+-----
Unarmed Combat | 3 4 5 7 8 10 11 13 17 18 21 22 | 22.1
Dodging        | 6 11 12 13 18 22 23 | 23.0
Fighting       | 10 16 20 22 | 22.2
Armour         | 6 10 13 18 21 22 24 25 | 25.3
Invocations    | 7 10 | 10.1
Shields        | |  3.6

Action                   |  1- 3 |  4- 6 |  7- 9 | 10-12 | 13-15 | 16-18 | 19-21 | 22-24 || total
-------------------------+-------+-------+-------+-------+-------+-------+-------+-------++-------
Melee: Unarmed           |    87 |    89 |   205 |   410 |   644 |   953 |  1033 |   771 ||  4192
       Headbutt          |    15 |    16 |    37 |    97 |   178 |   268 |   312 |   299 ||  1222
       Punch             |     2 |     5 |    13 |    32 |    90 |   100 |   140 |   138 ||   520
Invok: Heroism           |       |       |       |    25 |    68 |    71 |    51 |    36 ||   251
       Finesse           |       |       |       |       |     1 |     3 |     4 |     7 ||    15
Evoke: Wand              |       |     5 |     4 |    11 |       |     3 |       |       ||    23
       Condenser vane    |       |       |       |       |       |       |     1 |     2 ||     3
  Use: Potion            |       |       |     2 |       |     4 |     9 |     2 |    19 ||    36
       Scroll            |       |       |       |    16 |    13 |     6 |     5 |     8 ||    48
 Stab: Distracted        |       |       |       |     1 |       |     1 |       |       ||     2
       Confused          |       |       |       |       |       |       |    11 |       ||    11
Armor: Scale mail        |    39 |    33 |    56 |   132 |   116 |       |       |       ||   376
       Skin              |       |       |       |       |    99 |       |       |       ||    99
       Plate armour      |       |       |       |       |   147 |   392 |   414 |   245 ||  1198
Dodge: Dodged            |    33 |    34 |    74 |   230 |   322 |   431 |   515 |   464 ||  2103
Block: Other             |       |       |       |       |    70 |   146 |   151 |    97 ||   464
       Reflection        |       |       |       |       |     5 |    21 |    19 |     9 ||    54

Table legend: (Time is in decaauts)
 A = Elapsed time spent in this place.
 B = Non-inter-level travel time spent in this place.
 C = Inter-level travel time spent in this place.
 D = Time resting spent in this place.
 E = Time spent auto-exploring this place.
 F = Levels seen in this place.
 G = Mean time per level.
                   A        B        C        D        E       F      G
               +--------+--------+--------+--------+--------+-----+--------+
         Total |  60755 |  56445 |   4310 |  15744 |  32641 |  46 | 1320.8 |
       Dungeon |  15205 |  13674 |   1531 |   1062 |  10817 |  15 | 1013.7 |
        Temple |     48 |     32 |     16 |      0 |     30 |   1 |   48.0 |
          Lair |   6549 |   5849 |    700 |    692 |   4245 |   6 | 1091.5 |
         Swamp |   7061 |   6716 |    345 |   3706 |   2258 |   4 | 1765.2 |
     Snake Pit |   8554 |   8133 |    421 |   3684 |   3481 |   4 | 2138.5 |
  Orcish Mines |   1875 |   1632 |    243 |    474 |    884 |   2 |  937.5 |
   Elven Halls |   6819 |   6612 |    207 |   2978 |   2653 |   3 | 2273.0 |
        Vaults |  10659 |   9994 |    665 |   2930 |   5704 |   5 | 2131.8 |
         Crypt |   2912 |   2818 |     94 |    202 |   2067 |   3 |  970.7 |
          Tomb |    184 |    102 |     82 |      0 |      0 |   1 |  184.0 |
        Bailey |    253 |    253 |      0 |     15 |    142 |   1 |  253.0 |
      Gauntlet |    632 |    632 |      0 |      0 |    357 |   1 |  632.0 |
               +--------+--------+--------+--------+--------+-----+--------+

Top non-repeatable levels by time:
 Snake:4: 3277 daAuts
Vaults:5: 2962 daAuts
 Swamp:1: 2720 daAuts
   Elf:2: 2601 daAuts
   Elf:3: 2598 daAuts
 Snake:2: 2323 daAuts
Vaults:4: 2292 daAuts
Vaults:3: 2033 daAuts
 Snake:3: 1876 daAuts
Vaults:2: 1792 daAuts
    D:11: 1720 daAuts
   Elf:1: 1618 daAuts
 Swamp:3: 1590 daAuts
Vaults:1: 1578 daAuts
 Swamp:2: 1550 daAuts
